 Dungeon Crawl Stone Soup version 0.29-a0-275-g389c0b56f3 (webtiles) character file.

Game seed: 16930018425121465276

121 siradein the Bolt Thrower (level 4, -5/40 HPs)
             Began as a Minotaur Hunter on Mar 9, 2022.
             Slain by a hornet (6 damage)
             ... on level 4 of the Dungeon.
             The game lasted 00:04:41 (2946 turns).

siradein the Bolt Thrower (Minotaur Hunter)         Turns: 2946, Time: 00:04:41

Health: -5/40      AC:  3    Str: 17    XL:     4   Next: 76%
Magic:  3/3        EV: 12    Int:  8    God:
Gold:   127        SH:  0    Dex: 12    Spells: 3/3 levels left

rFire   . . .      SeeInvis .   a - +1 hand crossbow
rCold   . . .      Faith    .   (no shield)
rNeg    . . .      Spirit   .   b - +0 leather armour
rPois   .          Reflect  .   (helmet restricted)
rElec   .          Harm     .   (no cloak)
rCorr   .          Rampage  .   (no gloves)
Will    +....                   (no boots)
Stlth   +.........              (no amulet)
HPRegen 0.13/turn               i - ring of willpower
MPRegen 0.08/turn               s - ring of flight

@: lethally poisoned (-5 -> -20), flying, slowed, very slow
A: horns 2, retaliatory headbutt
a: no special abilities


You were on level 4 of the Dungeon.
You visited 1 branch of the dungeon, and saw 4 of its levels.

You collected 159 gold pieces.
You spent 32 gold pieces at shops.

Inventory:

Hand Weapons
 a - a +1 hand crossbow (weapon)
Missiles
 j - 2 throwing nets
Armour
 b - a +0 leather armour (worn)
Jewellery
 i - a ring of willpower (left hand)
 l - a +6 ring of intelligence
 s - a ring of flight (right hand)
 v - an amulet of faith
Wands
 p - a wand of flame (12)
Scrolls
 d - 2 scrolls of magic mapping {unknown}
 e - 2 scrolls of noise {unknown}
 g - 3 scrolls of teleportation {unknown}
 h - 4 scrolls of identify {unknown}
 n - a scroll of enchant weapon {unknown}
 q - a scroll of blinking {unknown}
Potions
 f - a potion of flight {unknown}
 k - a potion of resistance {unknown}
 m - a potion of degeneration {unknown}
 o - a potion of curing {unknown}
 r - 2 potions of heal wounds {unknown}
 t - a potion of attraction {unknown}
 u - a potion of invisibility {unknown}
 w - a potion of ambrosia


   Skills:
 + Level 3.6 Fighting
 + Level 5.1 Crossbows
 + Level 2.3 Armour
 + Level 3.3 Dodging
 - Level 0.7 Stealth


You had 3 spell levels left.
You didn't know any spells.
Your spell library contained the following spells:

 Spells                   Type           Power      Damage    Failure   Level
 Conjure Flame            Conj/Fire      0%         6-21      83%         3
 Ignite Poison            Fire/Tmut/Pois 0%         N/A       83%         3
 Sticky Flame             Conj/Fire      0%         2d3       99%         4


Dungeon Overview and Level Annotations

Branches:
Dungeon (4/15)
 Temple: D:4-7

Altars:
Qazlal

Shops:
D:4 *


Innate Abilities, Weirdness & Mutations

You have a pair of horns on your head.
You reflexively headbutt those who attack you in melee.


Message History

An adder comes into view.
You shoot a bolt. The bolt hits the hornet!
The hornet is moderately wounded.
You shoot a bolt.
The bolt hits the hornet but does no damage.
The hornet is moderately wounded.
The hornet attacks as you move away! The hornet stings you.
You feel yourself slow down.
You feel yourself speed up.
The hornet stings you but does no damage.
The hornet attacks as you move away! The hornet barely misses you.
You furiously retaliate!
You headbutt the hornet.
Really read the scroll of immolation?
As you read the scroll of immolation, it crumbles to dust.
The creatures around you are filled with an inner flame!
The hornet stings you.
You are poisoned.
You feel yourself slow down. The hornet stings you.
You suddenly lose the ability to move!
You feel very sick. The hornet stings you.
You feel as though you will be slow longer.
The adder bites you.
You are more poisoned.
The adder poisons you!
You can move again.
Shoot: a) +1 hand crossbow
Press: ? - help, Q - select action, (/) - cycle Shift-Dir - straight line, f/p - hornet
Aim: a hornet (moderately wounded, inner flame, 50% to hit)
You shoot a bolt. The bolt barely misses the hornet.
You feel very sick. The hornet barely misses you.
The adder bites you but does no damage. The hornet stings you!
* * * LOW HITPOINT WARNING * * *
You feel as though you will be slow longer.
The adder bites you.
* * * LOW HITPOINT WARNING * * *
You are more poisoned.
The adder poisons you! The hornet stings you.
You die...

...## ...# ## . #... ##.
..####..# ... ........#
#... #.......###..#
#.... #..S##.#
#>....#..y@..##
#..###...##
#..##∩...∩#......
....##.....#......
.......#∩.⌠.∩#....#
.........#.)...#....
.........#∩...∩#..###
........###...##..#.#.##
.###....##..............


You could see a hornet (inner flame) and an adder (inner flame).

Vanquished Creatures
  3 gnolls (D:2)
  An adder (D:3)
  A white imp (D:3)
  2 dart slugs (D:3)
  4 orcs (D:3)
  3 ball pythons
  7 endoplasms
  2 giant cockroaches (D:2)
  6 hobgoblins
  8 jackals
  3 quokkas
  6 bats
  A frilled lizard (D:1)
  7 goblins
  2 kobolds
  5 rats
61 creatures vanquished.

Notes
Turn   | Place    | Note
-------+----------+-------------------------------------------
     0 | D:1      | siradein the Minotaur Hunter began the quest for the Orb.
     0 | D:1      | Reached XP level 1. HP: 18/18 MP: 0/0
   126 | D:1      | Reached XP level 2. HP: 25/25 MP: 1/1
   168 | D:1      | Reached skill level 1 in Armour
   272 | D:1      | Found a faded altar of an unknown god.
   733 | D:2      | Reached XP level 3. HP: 31/31 MP: 2/2
  1575 | D:2      | Found a stormy altar of Qazlal.
  1833 | D:2      | Reached XP level 4. HP: 33/38 MP: 3/3
  2195 | D:3      | Reached skill level 5 in Crossbows
  2920 | D:4      | Found Syrueqoi's CLEARANCE SALE!.
  2926 | D:4      | Bought a potion of ambrosia for 32 gold pieces
  2938 | D:4      | Noticed a hornet
  2944 | D:4      | Paralysed by a hornet for 2 turns
  2946 | D:4      | HP: 1/40 [adder (4)]
  2946 | D:4      | Slain by a hornet

Illustrated notes

Levels and vault maps discovered:
D:1:      dpeg_arrival_pond, layout_loops_ring,
          hellmonk_ecumenical_altar_heavens_door, st_stairs_5
D:2:      layout_loops_cross, basic_altar, minmay_misc_feat_more_columns
D:3:      minmay_evil_eye, layout_basic
D:4:      layout_cave_pools, mainiacjoe_overflow_surrounded_room,
          chequers_temple_overflow_statue_of_worship, nicolae_shop_clearance,
          uniq_menkaure, uniq_sigmund

Skill      XL: |  1  2  3  4 |
---------------+-------------+-----
Armour         | 1 2 |  2.3
Fighting       | 3 |  3.6
Dodging        | 3 |  3.3
Crossbows      | 5 |  5.1
Stealth        | |  0.7

Action                   |  1- 3 |  4- 6 || total
-------------------------+-------+-------++-------
 Fire: Hand crossbow     |   108 |    70 ||   178
  Use: Scroll            |       |     1 ||     1
Armor: Leather armour    |    12 |     7 ||    19
Dodge: Dodged            |    39 |    12 ||    51

Table legend: (Time is in decaauts)
 A = Elapsed time spent in this place.
 B = Non-inter-level travel time spent in this place.
 C = Inter-level travel time spent in this place.
 D = Time resting spent in this place.
 E = Time spent auto-exploring this place.
 F = Levels seen in this place.
 G = Mean time per level.
                   A        B        C        D        E       F      G
               +--------+--------+--------+--------+--------+-----+--------+
         Total |   2998 |   2883 |    115 |    379 |   2130 |   4 |  749.5 |
       Dungeon |   2998 |   2883 |    115 |    379 |   2130 |   4 |  749.5 |
               +--------+--------+--------+--------+--------+-----+--------+

Top non-repeatable levels by time:
     D:1: 1121 daAuts
     D:3: 928 daAuts
     D:2: 910 daAuts
     D:4: 37 daAuts
